 Dungeon Crawl Stone Soup version 0.26.1-11-gd32895ea62 (webtiles) character file.

Game seed: 4002214672545863843

84 Zeld the Cudgeller (level 4, -4/31 HPs)
             Began as an Octopode Monk on May 14, 2021.
             Blown up by Ijyb (30 damage)
             ... with a disintegration bolt
             ... on level 3 of the Dungeon.
             The game lasted 00:02:00 (2305 turns).

Zeld the Cudgeller (Octopode Monk)                  Turns: 2305, Time: 00:02:01

Health: -4/31      AC:  1    Str: 11    XL:     4   Next: 46%
Magic:  6/6        EV: 14    Int: 12    God:
Gold:   188        SH:  0    Dex: 14    Spells: 6/6 levels left

rFire    . . .     SeeInvis .   a - +0 mace
rCold    . . .     Faith    .   (no shield)
rNeg     . . .     Spirit   .   (helmet restricted)
rPois    .         Reflect  .   (no amulet)
rElec    .         Harm     .   (no ring)
rCorr    .         Rampage  .   (no ring)
Will     .....                  (no ring)
Stlth    +++.......             (no ring)
HPRegen  0.10/turn              (no ring)
MPRegen  0.10/turn              (no ring)
                                (no ring)
                                (no ring)

@: no status effects
A: almost no armour, stealthy swim, amphibious, 8 rings, constrict 8, camouflage
1, gelatinous body 1
a: no special abilities


You were on level 3 of the Dungeon.
You visited 1 branch of the dungeon, and saw 3 of its levels.

You collected 188 gold pieces.

Inventory:

Hand Weapons
 a - a +0 mace (weapon)
Missiles
 h - 12 boomerangs (quivered)
Jewellery
 d - an uncursed ring of flight {unknown}
Wands
 n - a wand of disintegration (11)
Scrolls
 c - 3 scrolls of identify {unknown}
 e - a scroll of remove curse {unknown}
 g - 2 scrolls of fear {unknown}
 i - a scroll of teleportation {unknown}
 k - a scroll of enchant weapon {unknown}
 l - a scroll of fog {unknown}
 m - a scroll of magic mapping {unknown}
Potions
 b - 3 potions of mutation {unknown}
 f - a potion of ambrosia {unknown}
 j - a potion of degeneration {unknown}
 o - a potion of curing {unknown}
 p - a potion of invisibility {unknown}


   Skills:
 - Level 3.0 Fighting
 - Level 3.6 Maces & Flails
 * Level 2.4 Throwing
 - Level 3.0 Dodging
 - Level 2.6 Stealth
 + Level 1.8 Spellcasting


You had 6 spell levels left.
You didn't know any spells.
Your spell library was empty.

Dungeon Overview and Level Annotations

Branches:
Dungeon (3/15)

Altars:
Cheibriados
Nemelex Xobeh

Annotations:
D:3 Ijyb


Innate Abilities, Weirdness & Mutations

You cannot wear most types of armour.
You are very stealthy in the water. (Stealth+)
You are amphibious.
You can wear up to eight rings at the same time.
You can use your tentacles to constrict eight enemies at once.
Your skin changes colour to match your surroundings (Stealth+).
Your rubbery body absorbs attacks. (AC +1, EV +1)


Message History

You hit Ijyb. Your grab misses Ijyb.
Ijyb is lightly wounded.
Ijyb hits you.
You closely miss Ijyb. You grab Ijyb.
Ijyb is lightly wounded.
You constrict Ijyb. Ijyb barely misses you.
You hit Ijyb but do no damage. You squeeze Ijyb.
Ijyb is moderately wounded.
You constrict Ijyb. Ijyb completely misses you.
You hit Ijyb.
Ijyb is heavily wounded.
You constrict Ijyb, but do no damage. Ijyb hits you.
A leopard gecko comes into view.
Ijyb hits you.
The leopard gecko hisses angrily.
You hit Ijyb but do no damage.
Ijyb is heavily wounded.
You constrict Ijyb.
Ijyb zaps a wand.
You are blasted!
Ouch! That really hurt!
You die...

#.#.......#
#.#######.#####
#.#.†.........#
##.#.#####.###.#
##....# #.#
##.....## #.#
##.......####.#
...............#
.##......@######
##....g##
##....# ####l#
#.# #.. #.# #.


You could see Ijyb and a leopard gecko.

Vanquished Creatures
  4 adders
  A worm (D:2)
  3 dart slugs
  A giant cockroach (D:3)
  8 goblins
  6 hobgoblins
  3 jackals (D:1)
  A quokka (D:2)
  2 bats
  4 frilled lizards
  4 kobolds
  2 rats
39 creatures vanquished.

Notes
Turn   | Place    | Note
-------+----------+-------------------------------------------
     0 | D:1      | Zeld the Octopode Monk began the quest for the Orb.
     0 | D:1      | Reached XP level 1. HP: 16/16 MP: 1/1
   277 | D:1      | Reached XP level 2. HP: 21/21 MP: 2/2
   691 | D:1      | Reached skill level 1 in Spellcasting
   757 | D:1      | Reached XP level 3. HP: 21/26 MP: 4/4
  1220 | D:2      | Reached skill level 1 in Throwing
  1369 | D:2      | Found a snail-covered altar of Cheibriados.
  1585 | D:2      | Reached XP level 4. HP: 15/31 MP: 6/6
  1988 | D:2      | Found a sparkling altar of Nemelex Xobeh.
  2296 | D:3      | Noticed Ijyb
  2305 | D:3      | Blown up by Ijyb

Illustrated notes

Levels and vault maps discovered:
D:1:      scummos_arrival_gate, layout_basic, minmay_misc_feat_pillars,
          nrook_mini_backslash, chequers_serial_rivers_room_b
D:2:      layout_rooms, nicolae_overflow_hidden_temple,
          overflow_temple_1_default
D:3:      layout_loops_ring, chequers_serial_rivers_marsh, grunt_decor_fettered,
          kennysheep_cross_room, xom_teletrap_fun, uniq_ijyb

Skill      XL: |  1  2  3 |
---------------+----------+-----
Spellcasting   | 1 |  1.8
Throwing       | 2 |  2.4
Fighting       | |  3.0
Maces & Flails | |  3.6
Dodging        | |  3.0
Stealth        | |  2.6

Action                   |  1- 3 |  4- 6 || total
-------------------------+-------+-------++-------
Melee: Mace              |    59 |    19 ||    78
       Constrict         |    19 |     6 ||    25
       Tentacles         |     9 |     2 ||    11
 Stab: Sleeping          |     5 |       ||     5
Armor: Skin              |     2 |     1 ||     3
Dodge: Dodged            |    39 |    13 ||    52
